 Dungeon Crawl Stone Soup version 0.31-a0-180-g519b7de00c (webtiles) character file.

Game seed: 17940130705297816355

5 qw the Shooter (level 1, -1/19 HPs)
             Began as a Naga Hunter on June 19, 2023.
             Succumbed to a goblin's poison
             ... on level 1 of the Dungeon.
             The game lasted 00:00:04 (193 turns).

qw the Shooter (Naga Hunter)                         Turns: 193, Time: 00:00:04

Health: -1/19      AC:  1    Str: 13    XL:     1   Next: 80%
Magic:  1/1        EV:  9    Int:  9    God:
Gold:   43         SH:  0    Dex: 14    Spells: 0/0 levels left

rFire   . . .        a - +0 shortbow
rCold   . . .        (shield currently unavailable)
rNeg    . . .        c - +0 leather armour
rPois   +            (no helmet)
rElec   .            (no cloak)
rCorr   .            (no gloves)
SInv    +            (no barding)
Will    .....        (no amulet)
Stlth   ++           (no ring)
HPRegen 0.23/turn    (no ring)
MPRegen 0.07/turn

%: no passive effects
@: lethally poisoned (-1 -> -12), very slow
A: AC +0, large, see invisible, deformed body, poison resistance, slowness 2,
spit poison 1, naga tail 1
a: Spit Poison


You were on level 1 of the Dungeon.
You visited 1 branch of the dungeon, and saw 1 of its levels.

You collected 43 gold pieces.


Innate Abilities, Weirdness & Mutations

Your serpentine skin is tough. (AC +0)
You have supernaturally acute eyesight. (SInv)
Armour fits poorly on your strangely shaped body.
Your system is resistant to poisons. (rPois)
You cover ground very slowly.
You can spit poison.
You have a snake-like lower body.


   Skills:
 - Level 2.0 Fighting
 + Level 3.9 Ranged Weapons
 - Level 1.5 Dodging
 - Level 1.5 Stealth


You couldn't memorise any spells.
You didn't know any spells.
Your spell library was empty.

Inventory:

Hand Weapons
 a - a +0 shortbow (weapon)
Armour
 c - a +0 leather armour (worn)
Scrolls
 b - a scroll of butterflies
 d - 2 scrolls of teleportation {unknown}

Dungeon Overview and Level Annotations

Branches:
Dungeon (1/15)

Altars:

Shops:
D:1 [


Message History

A ball python comes into view.
Enter note: You shoot an arrow.
The arrow hits the ball python but does no damage.
Enter note:
182 ||| INVOKING Spit Poison.
Aiming: Spit Poison (3% risk of failure)
Press: ? - help, Shift-Dir - straight line, f/p - ball python The splash of poison hits the ball python.
The ball python is poisoned.
You kill the ball python!
A hobgoblin comes into view.
Enter note: You shoot an arrow.
The arrow barely misses the hobgoblin.
The hobgoblin shouts!
A goblin comes into view. It is wielding a +2 dagger of venom.
You shoot an arrow.
The arrow hits the hobgoblin but does no damage.
You shoot an arrow. The arrow closely misses the hobgoblin.
You have got your breath back.
The hobgoblin hits you.
188 ||| INVOKING Spit Poison.
Aiming: Spit Poison (3% risk of failure)
Press: ? - help, Shift-Dir - straight line, f/p - hobgoblin The splash of poison hits the hobgoblin.
The hobgoblin is poisoned.
You kill the hobgoblin!
You shoot an arrow. The arrow barely misses the goblin.
The goblin hits you with a +2 dagger of venom.
You shoot an arrow. The arrow closely misses the goblin.
The goblin hits you with a +2 dagger of venom.
You shoot an arrow. The arrow barely misses the goblin.
The goblin hits you with a +2 dagger of venom.
You shoot an arrow. The arrow barely misses the goblin.
The goblin hits you with a +2 dagger of venom.
You are lethally poisoned!
The goblin closely misses you.
You shoot an arrow. The arrow closely misses the goblin.
You have got your breath back.
You die...

#.. .# ###.. .#.# .
..#.# ###.#.# #####.
#.#.# ......#
....#.. #.#.#
#.#...#
###.##.##.#.#
#.#...###
#.##..#.#.###.#.....
###.# #....>...g#..#
#...# ###.##.##.@..#
#.#######.##.#..##.#
#.........##.#%.# ..
############.#..# ##
#.#... #.##.. #.....
#####.#


You could see a goblin.

Vanquished Creatures
  An endoplasm (D:1)
  2 hobgoblins (D:1)
  A ball python (D:1)
  A rat (D:1)
5 creatures vanquished.

Notes
Turn   | Place    | Note
-------+----------+-------------------------------------------
     0 | D:1      | qw the Naga Hunter began the quest for the Orb.
     0 | D:1      | Reached XP level 1. HP: 19/19 MP: 1/1
     0 | D:1      | 0 ||| qw: Version: 0.3-a-7-ge0c9b40
     0 | D:1      | 0 ||| qw: Game counter: 1010
     0 | D:1      | 0 ||| qw: Always use a shield: true
     0 | D:1      | 0 ||| qw: God list: Okawaru
     0 | D:1      | 0 ||| qw: Allow faded altars: false
     0 | D:1      | 0 ||| qw: Do Orc after D:15 true
     0 | D:1      | 0 ||| qw: Do second Lair branch before Depths: true
     0 | D:1      | 0 ||| qw: Lair rune preference: random
     0 | D:1      | 0 ||| qw: Plans: Normal
     0 | D:1      | 0 ||| PLANNING D:1-11
    13 | D:1      | 13 ||| INVOKING Spit Poison.
   119 | D:1      | Found Semy's Antique Armour Emporium.
   133 | D:1      | 133 ||| SHOPLISTING embroidered cloak (202 gold, have 43).
   133 | D:1      | 133 ||| SHOPLISTING glowing robe (99 gold, have 43).
   133 | D:1      | 133 ||| SHOPLISTING slimy cloak (256 gold, have 43).
   171 | D:1      | 171 ||| INVOKING Spit Poison.
   182 | D:1      | 182 ||| INVOKING Spit Poison.
   188 | D:1      | 188 ||| INVOKING Spit Poison.
   192 | D:1      | HP: 3/19 [goblin/+2 dagger of venom (3)]
   193 | D:1      | Succumbed to a goblin's poison

Levels and vault maps discovered:
D:1:      noname_arrival_rooms_in_the_neighbourhood, layout_basic,
          shapermc_ecumenical_altar_mp_ritualfount, serial_shops,
          nicolae_shop_waterfront, kennysheep_flooded_box

Action                     || total
---------------------------++-------
   Fire: Shortbow          ||    12
Ability: Spit Poison       ||     4
  Dodge: Dodged            ||     1

Table legend:
 A = Non-vault XP
 B = Vault XP
 C = Vault XP percentage of total XP
 D = Non-vault monster count
 E = Vault monster count
 F = Vault count percentage of total count
                 A         B        C        D         E       F
            +---------+---------+-------+---------+---------+-------
      Total |       8 |       0 |   0.0 |       5 |       0 |   0.0
            +---------+---------+-------+---------+---------+-------
        D:1 |       8 |       0 |   0.0 |       5 |       0 |   0.0
            +---------+---------+-------+---------+---------+-------
